 Dungeon Crawl Stone Soup version 0.30-a0-800-g7c544603b3 (webtiles) character file.

Game seed: 12224217329954175239

7940 Firecrotchwizard the Grappler (level 11, -1/60 HPs)
             Began as a Vine Stalker Monk on Feb 23, 2023.
             Was a High Priest of Okawaru.
             Succumbed to Urug's poison
             ... on level 10 of the Dungeon.
             The game lasted 00:25:35 (8055 turns).

Firecrotchwizard the Grappler (Vine Stalker Monk)   Turns: 8055, Time: 00:25:35

Health: -1/60      AC: 14    Str: 19    XL:     11   Next: 23%
Magic:  2/16       EV: 16    Int: 10    God:    Okawaru [*****.]
Gold:   216        SH:  0    Dex: 20    Spells: 10/10 levels left

rFire   + . .      SeeInvis .      - Unarmed
rCold   . . .      Faith    .    (no shield)
rNeg    + . .      Spirit   +    l - +5 ring mail "Siqaseho" {rPois rF+ rN+ Regen+}
rPois   +          Reflect  .    t - +0 helmet
rElec   .          Harm     .    o - +1 cloak of Sophism {Contam Regen+ Dex+4}
rCorr   .          Rampage  .    (no gloves)
Will    +....                    (no boots)
Stlth   +++                      (no amulet)
HPRegen 2.70/turn                (no ring)
MPRegen 0.15/turn                (no ring)

@: lethally poisoned (-1 -> -17), heroic
A: fangs 3, regeneration 1, magic shield, antimagic bite, no potion heal 2
a: Renounce Religion, Heroism, Finesse, Duel


You were on level 10 of the Dungeon.
You worshipped Okawaru.
Okawaru was extremely pleased with you.
You visited 2 branches of the dungeon, and saw 11 of its levels.

You collected 486 gold pieces.
You spent 270 gold pieces at shops.

Inventory:

Missiles
 b - a throwing net {!d}
 d - 30 poisoned darts
 n - 2 curare-tipped darts
 s - 84 stones (quivered)
Armour
 a - a +0 robe
 e - the +3 hat of Pondering {ponderous, Will+ MP+10 Int+5}
   (You took it off Gastronok on level 8 of the Dungeon)

   Int:       It affects your intelligence (+5).
   MP:        It affects your magic capacity (+10).
   Will:      It increases your willpower.
 h - a +0 ring mail
   (You found it on level 2 of the Dungeon)
 l - the +5 ring mail "Siqaseho" (worn) {rPois rF+ rN+ Regen+}
   (Okawaru gifted it to you on level 8 of the Dungeon)

   rF:        It protects you from fire.
   rPois:     It protects you from poison.
   rN:        It protects you from negative energy.
   Regen:     It increases your rate of health regeneration.
 o - the +1 cloak of Sophism (worn) {Contam Regen+ Dex+4}
   (You bought it in a shop on level 6 of the Dungeon)

   Dex:       It affects your dexterity (+4).
   Contam:    It causes magical contamination when unequipped.
   Regen:     It increases your rate of health regeneration.
 p - a +2 chain mail
   (You found it on level 2 of the Dungeon)
 t - a +0 helmet (worn)
   (You found it on level 6 of the Dungeon)
 x - a scarf of resistance
   (You found it on level 3 of the Dungeon)
Magical Staves
 j - a staff of fire {rF+}
   (You found it on level 5 of the Dungeon)
Jewellery
 c - a ring of ice {rC+, rF-}
   (You found it on level 6 of the Dungeon)
 f - a ring of fire {rF+, rC-}
   (You found it on level 5 of the Dungeon)
Wands
 q - a wand of flame (10)
   (You found it on level 4 of the Dungeon)
 v - a wand of quicksilver (15)
   (You found it on level 4 of the Dungeon)
Scrolls
 g - 5 scrolls of identify {@r1}
 u - a scroll of enchant armour
 D - 2 scrolls of blinking {!r}
 E - a scroll of fear
 O - 2 scrolls of silence
 Y - 3 scrolls of teleportation {@r3}
Potions
 i - a potion of invisibility {unknown}
 k - a potion of curing {unknown}
 m - a potion of berserk rage {unknown}
 r - 3 potions of degeneration {!q}
 B - a potion of brilliance
 G - 2 potions of ambrosia {!q}
 H - a potion of haste
 L - a potion of flight
 M - 2 potions of might
 P - 2 potions of lignification {!q}
 R - 5 potions of resistance
 U - 3 potions of mutation {!q}


   Skills:
 + Level 8.8(13.8) Fighting
 - Level 3.0(8.0) Dodging
 - Level 2.4(7.4) Stealth
 * Level 13.1(18.1) Unarmed Combat
 + Level 6.2 Invocations


You had 10 spell levels left.
You didn't know any spells.
Your spell library contained the following spells:

 Spells                   Type           Power      Damage    Failure   Level
 Foxfire                  Conj/Fire      0%         2x1d4     54%         1
 Freeze                   Ice            0%         1d3       54%         1
 Lesser Beckoning         Tloc           0%         N/A       67%         2
 Frozen Ramparts          Ice            0%         1d1       88%         3
 Gell's Gravitas          Tloc           0%         N/A       88%         3
 Hailstorm                Conj/Ice       0%         3d3       88%         3
 Ignite Poison            Fire/Tmut/Pois 0%         N/A       88%         3
 Kindle Blastsparks       Fire/Tloc/Air  0%         2d10      88%         3
 Ozocubu's Armour         Ice            0%         N/A       88%         3
 Teleport Other           Tloc           0%         N/A       88%         3
 Vhi's Electric Charge    Tloc/Air       0%         N/A       88%         3
 Ice Form                 Ice/Tmut       0%         N/A       99%         4
 Arcjolt                  Conj/Air       0%         1d10      100%        5
 Blade Hands              Tmut           0%         N/A       100%        5
 Freezing Cloud           Conj/Ice/Air   0%         6-21      100%        5
 Irradiate                Conj/Tmut      0%         3d11      100%        5
 Dragon Form              Tmut           0%         N/A       100%        7
 Ozocubu's Refrigeration  Ice            0%         4d7       100%        7
 Maxwell's Capacitive Co  Air            0%         ∞         100%        8
 Summon Ice Beast         Ice/Summ       Unusable   N/A       N/A         4
 Summon Forest            Summ/Tloc      Unusable   N/A       N/A         5

Dungeon Overview and Level Annotations

Branches:
Dungeon (10/15)            Temple (1/1) D:4            Lair (0/5) D:9
    Orc: D:9-12

Altars:
Ashenzari
Dithmenos
Elyvilon
Fedhas
Gozag
Kikubaaqudgha
Makhleb
Nemelex Xobeh
Okawaru
Ru
Trog
Uskayaw
Wu Jian
Xom
Yredelemnul
Zin
The Shining One

Shops:
D:3 (   D:5 [   D:6 [   D:7 =

Annotations:
D:3 2 runed translucent doors, Jessica; MrSquiggles's ghost, amateur MiFi
D:4 3 runed translucent doors, souper's ghost, amateur DsCj
D:8 exclusion: 2 killer bees, Maurice
D:10 Urug


Innate Abilities, Weirdness & Mutations

You have razor-sharp teeth.
Your natural rate of healing is unusually fast.
When hurt, damage is shared between your health and your magic reserves.
Your bite disrupts and absorbs the magic of your enemies.
Potions cannot restore your health.


Message History

The orc wizard casts a spell at you. The magic dart hits you!
You take 6 damage, and have 54/60 hp.
You now have 14/16 mp.
You regained 3 hp, and now have 57/60 hp.
You regained 2 hp, and now have 59/60 hp.
Health restored: 60 The orc wizard points at you and mumbles some strange words.
The puff of flame hits you but does no damage.
You resist.
Items here: ))) [[[ ††.
Things that are here:
a +0 hand axe; an orc corpse The orc wizard casts a spell.
The orc wizard flickers and vanishes!
Deactivating autopickup; reactivate with Ctrl-A.
There is a stone staircase leading up here.
MP restored: 16 You climb upwards.
Reactivating autopickup.
There is a stone staircase leading down here.
You start waiting.
Done waiting.
You climb downwards.
Level annotation: Urug
There is a stone staircase leading up here.
Things that are here:
a +0 hand axe; an orc corpse The orc wizard casts a spell.
The orc wizard flickers and vanishes!
Deactivating autopickup; reactivate with Ctrl-A.
Items here: ))) [[[ ††.
Something hits you.
You now have 15/16 mp.
You punch something! Okawaru accepts your kill.
Reactivating autopickup.
You feel a bit more experienced.
Things that are here:
a +0 dagger; a +0 robe MP restored: 16
Things that are here:
a +0 troll leather armour; a troll corpse
There is an open door here.
Urug shouts!
Urug throws a javelin.
The javelin pierces through you but does no damage.
There is an open door here.
Things that are here:
a +0 troll leather armour; a troll corpse You close the door.
You start waiting.
Urug the Orcish Ballista opens the door.
She is wielding a +1 demon trident of venom.
A two-headed ogre comes into view.
It is wielding two +0 giant spiked clubs.
The two-headed ogre shouts in stereo!
Urug hits you with a +1 demon trident of venom!!
You are poisoned.
There is a broken door, spattered with blood here.
You take 15 damage, and have 45/60 hp.
MASSIVE DAMAGE!!
You now have 12/16 mp.
You barely miss Urug. You punch Urug, but do no damage. Your bite misses Urug.
You feel very sick.
You take 2 damage, and have 43/60 hp.
You punch Urug! You punch Urug. You bite Urug. You drain her power.
You feel invigorated.
You feel very sick. Urug hits you but does no damage.
You are more poisoned.
You take 1 damage, and have 42/60 hp.
You regained 2 mp, and now have 14/16 mp.
You closely miss Urug. Your bite misses Urug.
You feel very sick. Urug closely misses you.
You take 2 damage, and have 40/60 hp.
You closely miss Urug.
You feel very sick.
Urug hits you with a +1 demon trident of venom.
You take 7 damage, and have 33/60 hp.
You now have 13/16 mp.
You hit Urug. You bite Urug, but do no damage.
You feel very sick.
You punch Urug! You bite Urug. You drain her power.
You feel invigorated.
You feel sick.
Urug hits you with a +1 demon trident of venom.
You take 2 damage, and have 31/60 hp.
You gain the combat prowess of a mighty hero.
You feel very sick.
Urug hits you with a +1 demon trident of venom.
The two-headed ogre hits you with a +0 giant spiked club.
The two-headed ogre hits you with a +0 giant spiked club!
* * * LOW HITPOINT WARNING * * *
You take 15 damage, and have 16/60 hp.
MASSIVE DAMAGE!!
You now have 7/16 mp.
You punch Urug! You punch Urug.
You feel sick.
Urug hits you with a +1 demon trident of venom!!
* * * LOW HITPOINT WARNING * * *
You are lethally poisoned!
You take 12 damage, and have 4/60 hp.
You now have 2/16 mp.
You punch Urug! You bite Urug, but do no damage.
You die...

#...... ..... #...# #...#
.. #...# ... #...####...
###############..........
#<)[.).......[@o.........
###############O.........
#.......... #..[?......
#.......... #.........~
#.......~~~ ###.......~
#.......~


You could see Urug and a two-headed ogre.

Vanquished Creatures
  Gastronok (D:8)
  A two-headed ogre (D:9)
  Pikel (D:6)
  2 slime creatures (D:8)
  Psyche (D:8)
  2 trolls
  7 yaks (D:9)
  A steam dragon (D:8)
  3 water moccasins
  2 orc warriors
  A sky beast (D:6)
  An ice beast (D:6)
  An ogre (D:6)
  6 wolves (D:9)
  3 centaurs
  A phantom (D:4)
  A lemure (D:6)
  4 kobold brigands (D:8)
  2 scorpions
  A bullfrog (D:7)
  5 wights (D:9)
  4 killer bees (D:9)
  4 howler monkeys
  3 electric eels (D:9)
  4 orc priests
  4 jellies
  4 hounds
  A gnoll bouda (D:6)
  8 orc wizards
  8 adders
  5 gnolls (D:6)
  2 river rats (D:4)
  2 shadow imps (D:7)
  2 white imps (D:6)
  An ufetubus (D:5)
  4 worms
  3 dart slugs
  17 orcs
  7 bats
  13 endoplasms
  3 giant cockroaches
  13 goblins
  3 hobgoblins
  5 jackals
  16 kobolds
  3 quokkas
  11 ball pythons
  4 frilled lizards
  8 rats
209 creatures vanquished.

Vanquished Creatures (others)
  An orc wizard (D:10)
  2 fungi (D:8)
  7 toadstools (D:8)
10 creatures vanquished.

Grand Total: 219 creatures vanquished

Notes
Turn   | Place    | Note
-------+----------+-------------------------------------------
     0 | D:1      | Firecrotchwizard the Vine Stalker Monk began the quest for
                  | the Orb.
     0 | D:1      | Reached XP level 1. HP: 11/11 MP: 2/2
   242 | D:1      | Reached XP level 2. HP: 16/16 MP: 3/3
   541 | D:1      | Reached XP level 3. HP: 16/19 MP: 4/4
   544 | D:1      | Reached skill level 3 in Fighting
   907 | D:2      | Found an ancient bone altar of Kikubaaqudgha.
  1085 | D:2      | Reached skill level 4 in Unarmed Combat
  1175 | D:2      | Gained mutation: Your natural rate of healing is unusually
                  | fast. [Vine Stalker growth]
  1175 | D:2      | Reached XP level 4. HP: 24/24 MP: 3/5
  1510 | D:3      | Reached skill level 3 in Dodging
  1576 | D:3      | Found a faded altar of an unknown god.
  1615 | D:3      | Found Paas's Weapon Boutique.
  1677 | D:3      | You fall into a shaft and drop 1 floor!
  1962 | D:3      | Found a runed translucent door.
  1963 | D:3      | Noticed MrSquiggles's ghost (amateur MiFi)
  1980 | D:3      | Noticed Jessica
  2231 | D:3      | Found a runed translucent door.
  2514 | D:4      | Reached XP level 5. HP: 28/28 MP: 6/6
  2558 | D:4      | Found a staircase to the Ecumenical Temple.
  2565 | Temple   | Entered the Ecumenical Temple
  2619 | Temple   | Became a worshipper of Warmaster Okawaru
  2619 | Temple   | Reached * piety under Okawaru
  2619 | Temple   | Reached ** piety under Okawaru
  2638 | D:4      | Found a runed translucent gate.
  2639 | D:4      | Found a runed translucent gate.
  2639 | D:4      | Noticed souper's ghost (amateur DsCj)
  2640 | D:4      | Found a runed translucent gate.
  2704 | D:4      | Reached skill level 5 in Unarmed Combat
  3000 | D:4      | Reached XP level 6. HP: 30/33 MP: 5/7
  3250 | D:4      | Reached skill level 4 in Fighting
  3768 | D:5      | Entered Level 5 of the Dungeon
  3794 | D:5      | Reached skill level 6 in Unarmed Combat
  3836 | D:5      | Reached XP level 7. HP: 37/38 MP: 8/8
  4000 | D:5      | Got the Anthology of the Moving Dragon
  4190 | D:5      | Found a burning altar of Makhleb.
  4191 | D:5      | Found a hide-covered altar of Uskayaw.
  4222 | D:5      | Found Qejas's Armour Shoppe.
  4242 | D:5      | Reached *** piety under Okawaru
  4546 | D:6      | Reached skill level 7 in Unarmed Combat
  4655 | D:6      | Reached skill level 5 in Fighting
  4698 | D:6      | Gained mutation: You have razor-sharp teeth. [Vine Stalker
                  | growth]
  4698 | D:6      | Reached XP level 8. HP: 32/43 MP: 9/9
  4755 | D:6      | Found a sparkling altar of Nemelex Xobeh.
  4835 | D:6      | Noticed Pikel
  4841 | D:6      | Killed Pikel
  4841 | D:6      | Reached **** piety under Okawaru
  4842 | D:6      | Reached skill level 8 in Unarmed Combat
  4871 | D:6      | Reached skill level 6 in Fighting
  4871 | D:6      | Reached skill level 9 in Unarmed Combat
  4968 | D:6      | Found Ashet's Armour Boutique.
  4971 | D:6      | Bought the +1 cloak of Sophism {Contam Regen+ Dex+4} for
                  | 270 gold pieces
  5255 | D:6      | Reached XP level 9. HP: 49/49 MP: 10/10
  5770 | D:7      | Found Umac Nua's Jewellery Boutique.
  5849 | D:7      | Reached skill level 10 in Unarmed Combat
  5849 | D:7      | Reached skill level 1 in Invocations
  6004 | D:7      | Noticed a two-headed ogre
  6066 | D:8      | Found a bloodstained altar of Trog.
  6212 | D:8      | Noticed Psyche
  6219 | D:8      | Noticed Gastronok
  6224 | D:8      | Killed Psyche
  6224 | D:8      | Reached ***** piety under Okawaru
  6225 | D:8      | Reached skill level 7 in Fighting
  6225 | D:8      | Reached skill level 2 in Invocations
  6236 | D:8      | Killed Gastronok
  6237 | D:8      | Reached skill level 11 in Unarmed Combat
  6237 | D:8      | Reached skill level 3 in Invocations
  6237 | D:8      | Reached XP level 10. HP: 19/55 MP: 11/13
  6360 | D:8      | Reached skill level 4 in Invocations
  6409 | D:8      | Identified the +5 ring mail "Siqaseho" {rPois rF+ rN+
                  | Regen+} (Okawaru gifted it to you on level 8 of the
                  | Dungeon)
  6409 | D:8      | Received a gift from Okawaru
  6532 | D:8      | Noticed Maurice
  6889 | D:9      | Identified the +8 shortbow "Hell-Harrower" {antimagic,
                  | rPois rC+ rN+}
  6895 | D:9      | Found a staircase to the Lair.
  6900 | D:9      | Reached skill level 8 in Fighting
  6920 | D:9      | Reached skill level 12 in Unarmed Combat
  7052 | D:9      | Reached skill level 5 in Invocations
  7460 | D:9      | Reached XP level 11. HP: 58/60 MP: 14/16
  7579 | D:9      | Noticed a two-headed ogre
  7587 | D:9      | Killed a two-headed ogre
  7588 | D:9      | Reached skill level 13 in Unarmed Combat
  7588 | D:9      | Reached skill level 6 in Invocations
  7764 | D:9      | Found a white marble altar of Elyvilon.
  7768 | D:9      | Found a basalt altar of Yredelemnul.
  7768 | D:9      | Found an ancient bone altar of Kikubaaqudgha.
  7775 | D:9      | Found a glowing silver altar of Zin.
  7779 | D:9      | Found a glowing golden altar of the Shining One.
  7851 | D:10     | Entered Level 10 of the Dungeon
  7895 | D:10     | Noticed Urug
  8046 | D:10     | Noticed a two-headed ogre
  8054 | D:10     | HP: 4/60 [Urug/+1 demon trident of venom (13)]
  8055 | D:10     | Succumbed to Urug's poison

Illustrated notes

Levels and vault maps discovered:
D:1:      psy_arrival_spokes, layout_rooms
D:2:      minmay_wonky_spiral, layout_loops_ring, basic_altar, minmay_guardbox
D:3:      layout_rooms, shapermc_ecumenical_altar_notcrosses, serial_shops,
          nicolae_shop_bloodbath_and_beyond, ebering_ghost_sewer_f, uniq_jessica
D:4:      layout_layer_cave, temple_green, gammafunk_ghost_split,
          lightli_sewer_entry_pipes, minmay_stone_trees_small
D:5:      layout_loops_ring, gammafunk_temple_overflow_statue, serial_shops,
          nicolae_shop_trees
D:6:      layout_layer_cave, old_standard_altar, serial_shops,
          nicolae_shop_behind_doors, uniq_pikel
D:7:      layout_cave_pools, minitemple, serial_shops, shop, shop,
          minmay_misc_feat_enclosed, hangedman_decor_riveting,
          nicolae_figureground_pulse
D:8:      cheibrodos_fertilizer, layout_basic, bloody_trog, uniq_psyche,
          uniq_maurice, uniq_gastronok, uniq_joseph
D:9:      layout_long_grid, minmay_overflow_temple_star_hex, erik_lair_island
D:10:     layout_basic, david_orc_3, uniq_urug, uniq_erolcha
Temple:   compressed_dpeg_circular_temple

Skill      XL: |  1  2  3  4  5  6  7  8  9 10 11 |
---------------+----------------------------------+-----
Fighting       | 3 4 5 6 7 8 |  8.8
Unarmed Combat | 4 5 6 7 9 11 12 13 | 13.1
Dodging        | 3 |  3.0
Invocations    | 3 5 6 |  6.2
Stealth        | |  2.4

Action                     |  1- 3 |  4- 6 |  7- 9 | 10-12 || total
---------------------------+-------+-------+-------+-------++-------
  Melee: Unarmed           |   136 |   223 |   183 |   186 ||   728
         Bite              |    35 |    56 |    63 |    68 ||   222
         Punch             |     3 |     3 |    19 |    14 ||    39
  Throw: Stone             |     3 |       |       |       ||     3
         Dart              |       |       |       |     2 ||     2
 Invoke: Heroism           |       |     1 |     1 |     1 ||     3
  Evoke: Wand              |       |       |     7 |       ||     7
    Use: Scroll            |       |    12 |    10 |       ||    22
   Stab: Sleeping          |     5 |     1 |       |       ||     6
 Armour: Robe              |    12 |       |       |       ||    12
         Ring mail         |     8 |    50 |    14 |    53 ||   125
         Chain mail        |       |       |    42 |     6 ||    48
  Dodge: Dodged            |    71 |   112 |    53 |    73 ||   309

Table legend: (Time is in decaauts)
 A = Elapsed time spent in this place.
 B = Non-inter-level travel time spent in this place.
 C = Inter-level travel time spent in this place.
 D = Time resting spent in this place.
 E = Time spent auto-exploring this place.
 F = Levels seen in this place.
 G = Mean time per level.
                   A        B        C        D        E       F      G
               +--------+--------+--------+--------+--------+-----+--------+
         Total |   7986 |   7613 |    373 |    189 |   5702 |  11 |  726.0 |
       Dungeon |   7923 |   7559 |    364 |    189 |   5662 |  10 |  792.3 |
        Temple |     63 |     54 |      9 |      0 |     40 |   1 |   63.0 |
               +--------+--------+--------+--------+--------+-----+--------+

Top non-repeatable levels by time:
     D:4: 1535 daAuts
     D:6: 1316 daAuts
     D:9: 1194 daAuts
     D:1: 758 daAuts
     D:2: 735 daAuts
     D:8: 702 daAuts
     D:3: 674 daAuts
     D:5: 660 daAuts
     D:7: 250 daAuts
    D:10: 94 daAuts
  Temple: 63 daAuts

Table legend:
 A = Kills in this place as a percentage of kills in entire the game.
 B = Kills by you in this place as a percentage of kills by you in the entire game.
 C = Kills by friends in this place as a percentage of kills by friends in the entire game.
 D = Other kills in this place as a percentage of other kills in the entire game.
 E = Experience gained in this place as a percentage of experience gained in the entire game.
 F = Experience gained in this place divided by the number of levels of this place that you have seen.
                   A       B       C       D       E      F
               +-------+-------+-------+-------+-------+----------------------
         Total | 100.0 | 100.0 |   N/A | 100.0 | 100.0 | 1031.2
       Dungeon | 100.0 | 100.0 |   N/A | 100.0 | 100.0 | 1134.3
               +-------+-------+-------+-------+-------+----------------------
